Canucks vs Canadiens

Created - Tuesday, December 09, 2014 at 21:19

Goals
1 2 3 OT1 SO T
Canucks 0 1 0 0 2 2
Canadiens 0 1 0 0 0 1
Shots
1 2 3 OT1 SO T
Canucks 7 10 10 1 2 28
Canadiens 9 12 13 1 2 35

1st period

No Goal

Penalties :
Mike Weaver (Mon) for Roughing (Minor) at 2:22, Brendan Gallagher (Van) for Tripping (Minor) at 7:26

2nd period

1. Canadiens , Mike Cammalleri 8 (Eric Staal) at 0:32
2. Canucks , Ryane Clowe 2 (Cody Hodgson, Jared Cowen) at 11:37

Penalties :
Niklas Hjalmarsson (Van) for Holding Stick (Minor) at 0:39, Ryane Clowe (Van) for High sticking (Minor) at 5:15

3rd period

No Goal

Penalties :
Matt Niskanen (Mon) for Tripping (Minor) at 4:53, Mike Weaver (Mon) for Cross-checking (Minor) at 12:00

Overtime #1

No Goal

Penalties :
No Penalty

Shootout

Penalty Shot by Pavel Datsyuk for Canucks - Goal!
Penalty Shot by Eric Staal for Canadiens - Stopped by Ben Bishop
Penalty Shot by Mason Raymond for Canucks - Goal!
Penalty Shot by Mike Cammalleri for Canadiens - Stopped by Ben Bishop

Penalties :
No Penalty

Goalie Stats

Ben Bishop (Van), 34 saves from 35 shots - (0.971), W, 21-4-4, 65:00 minutes
Marc-Andre Fleury (Mon), 27 saves from 28 shots - (0.964), OTL, 17-6-2, 65:00 minutes

Players Stats for Canucks

Player Name              G  A  P  +/- PIM S  H  SB GA TA FO     MP     PP MP  PK MP  
------------------------------------------------------------------------------------
Andrei Markov            0  0  0  -1  0   2  0  2  1  3  0/0    29:17   3:34   3:02 
Boyd Gordon              0  0  0   0  0   0  0  0  2  0  9/20   18:34   0:00   4:25 
Brendan Gallagher        0  0  0  -1  2   2  2  0  4  0  0/0    16:23   2:47   0:00 
Christopher Tanev        0  0  0   0  0   5  0  1  1  2  0/0    21:00   2:22   1:05 
Clarke MacArthur         0  0  0  -1  0   2  3  0  2  0  0/0    16:17   3:09   0:00 
Cody Hodgson             0  1  1   1  0   4  3  0  1  0  6/14   18:56   2:47   0:00 
Colby Robak              0  0  0   1  0   0  0  1  0  0  0/0    12:52   0:00   0:00 
James Wright             0  0  0   0  0   0  0  1  0  1  1/1    12:40   0:00   4:25 
Jared Cowen              0  1  1   1  0   0  1  2  0  1  0/0    16:21   0:00   2:55 
Kyle Brodziak            0  0  0   0  0   0  1  1  1  0  3/6    10:33   0:00   1:32 
Lance Bouma              0  0  0   0  0   0  4  0  0  0  0/0    13:04   0:00   0:00 
Mason Raymond            0  0  0   0  0   6  0  0  5  0  0/0    14:17   0:00   0:00 
Michael Grabner          0  0  0   1  0   1  1  1  0  1  0/0    18:09   3:09   0:00 
Niklas Hjalmarsson       0  0  0   0  2   1  1  2  0  2  0/0    21:44   2:22   1:50 
Pavel Datsyuk            0  0  0  -1  0   1  0  3  4  1  11/16  24:53   3:09   1:32 
Ryane Clowe              1  0  1   1  2   2  3  0  3  0  1/1    19:38   2:47   0:00 
Victor Hedman            0  0  0  -1  0   2  4  1  1  2  0/0    29:17   3:34   3:02 
Zack Kassian             0  0  0   0  0   0  0  0  0  0  0/0     0:00   0:00   0:00 

Players Stats for Canadiens

Player Name              G  A  P  +/- PIM S  H  SB GA TA FO     MP     PP MP  PK MP  
------------------------------------------------------------------------------------
Ben Lovejoy              0  0  0   0  0   3  6  2  0  1  0/0    26:12   3:00   1:59 
Craig Smith              0  0  0   0  0   3  2  1  2  0  0/0    13:32   0:00   0:00 
Derek Morris             0  0  0  -1  0   3  3  3  0  4  0/0    27:15   2:57   0:00 
Eric Staal               0  1  1   1  0   3  4  1  4  0  10/24  25:48   3:11   0:47 
Jared Spurgeon           0  0  0   0  0   1  0  2  0  1  0/0    25:03   3:00   3:17 
John-Michael Liles       0  0  0   0  0   0  0  0  0  0  0/0     0:30   0:00   0:00 
Jonathan Ericsson        0  0  0   0  0   0  0  0  0  1  0/0     1:52   0:00   0:55 
Jussi Jokinen            0  0  0   1  0   4  0  1  0  1  0/1    15:04   2:46   0:12 
Marcus Johansson         0  0  0   0  0   0  0  0  2  0  0/1    17:09   2:46   0:00 
Mathieu Perreault        0  0  0   0  0   1  0  1  0  0  5/12   17:33   2:46   0:24 
Matt Niskanen            0  0  0   0  2   0  2  5  1  0  0/0    28:01   2:57   3:57 
Mike Cammalleri          1  0  1   1  0   7  2  0  5  0  2/7    21:09   3:11   4:33 
Mike Weaver              0  0  0   1  4   1  1  1  0  4  0/0    22:21   0:00   1:44 
Pascal Dupuis            0  0  0   0  0   1  2  0  1  1  1/2    17:56   0:00   4:22 
Patric Hornqvist         0  0  0   0  0   4  0  0  0  0  0/1    18:54   3:11   0:47 
Sam Gagner               0  0  0  -1  0   2  0  0  0  1  8/9    15:55   0:00   0:00 
Scottie Upshall          0  0  0  -1  0   2  1  1  1  0  1/1    11:37   0:00   0:47 
Tomas Jurco              0  0  0  -1  0   0  0  0  1  0  0/0     8:05   0:00   0:00 

3 Stars

1 - Ben Bishop (Van)
2 - Marc-Andre Fleury (Mon)
3 - Mike Cammalleri (Mon)

Power Play

Canucks - 0 on 3 Attempt(s) - 0.00%
Canadiens - 0 on 3 Attempt(s) - 0.00%

Penalty Kill

Canucks - 3 on 3 Attempt(s) - 100.00% - Score 0 goal in Penalty Kill
Canadiens - 3 on 3 Attempt(s) - 100.00% - Score 0 goal in Penalty Kill

Official

Referees : Unknown
Linesman : Unknown

Game Notes

Jonathan Ericsson is injured at 3:18 of 1st period (Lacerated Right Calf)

Finance

Level 1 -- Attendance: 5357 (89.28%) -- Ticket Income $401,775
Level 2 -- Attendance: 5000 (100.00%) -- Ticket Income $195,000
Level 3 -- Attendance: 1800 (90.00%) -- Ticket Income $50,400
Level 4 -- Attendance: 3196 (79.90%) -- Ticket Income $63,920
Luxury Box -- Attendance: 954 (95.40%) -- Ticket Income $159,318
Game was played at the Bell Centre
Total Attendance: 16307 (90.59%)
Total Ticket Income: $870,413
Other Income: $426,502
Total Income: $1,296,915

Canucks

5 vs 5 Forward 
   Center                   Left Wing                Right Wing               Time % Phy DF OF 
 1 Pavel Datsyuk            Clarke MacArthur         Brendan Gallagher        35     1   2  2  
 2 Cody Hodgson             Ryane Clowe              Michael Grabner          30     1   2  2  
 3 Boyd Gordon              Mason Raymond            Lance Bouma              22     1   2  2  
 4 Kyle Brodziak            James Wright             Pavel Datsyuk            13     1   2  2  

5 vs 5 Defense 
   Defense                  Defense                                           Time % Phy DF OF 
 1 Andrei Markov            Victor Hedman                                     35     1   2  2  
 2 Niklas Hjalmarsson       Christopher Tanev                                 30     1   2  2  
 3 Jared Cowen              Colby Robak                                       22     1   2  2  
 4 Andrei Markov            Victor Hedman                                     13     1   2  2  

PowerPlay Forward 
   Center                   Left Wing                Right Wing               Time % Phy DF OF 
 1 Pavel Datsyuk            Clarke MacArthur         Michael Grabner          60     1   2  2  
 2 Cody Hodgson             Ryane Clowe              Brendan Gallagher        40     1   2  2  

PowerPlay Defense
   Defense                  Defense                                           Time % Phy DF OF 
 1 Andrei Markov            Victor Hedman                                     60     1   2  2  
 2 Niklas Hjalmarsson       Christopher Tanev                                 40     1   2  2  

Penalty Kill 4 Players Forward 
   Center                   Wing                     Time % Phy DF OF 
 1 Boyd Gordon              James Wright             60     1   2  2  
 2 Kyle Brodziak            Pavel Datsyuk            40     1   2  2  

Penalty Kill 4 Players Defense
   Defense                  Defense                  Time % Phy DF OF 
 1 Andrei Markov            Victor Hedman            60     1   2  2  
 2 Niklas Hjalmarsson       Jared Cowen              40     1   2  2  

Penalty Kill - 3 Players Forward 
   Forward                                           Time % Phy DF OF 
 1 Boyd Gordon                                       60     1   2  2  
 2 Kyle Brodziak                                     40     1   2  2  

Penalty Kill - 3 Players Defense
   Defense                  Defense                  Time % Phy DF OF 
 1 Andrei Markov            Victor Hedman            60     1   2  2  
 2 Niklas Hjalmarsson       Jared Cowen              40     1   2  2  

4 vs 4 Forward 
   Center                   Wing                     Time % Phy DF OF 
 1 Pavel Datsyuk            Clarke MacArthur         60     1   2  2  
 2 Cody Hodgson             Ryane Clowe              40     1   2  2  

4 vs 4 Defense
   Defense                  Defense                  Time % Phy DF OF 
 1 Andrei Markov            Victor Hedman            60     1   2  2  
 2 Niklas Hjalmarsson       Christopher Tanev        40     1   2  2  

Last Minutes Offensive
   Center                   Left Wing                Right Wing               Defense                  Defense                  
   Pavel Datsyuk            Ryane Clowe              Brendan Gallagher        Andrei Markov            Victor Hedman            

Last Minutes Defensive
   Center                   Left Wing                Right Wing               Defense                  Defense                  
   Boyd Gordon              James Wright             Kyle Brodziak            Andrei Markov            Victor Hedman            

Goaltenders
Starting : Ben Bishop               
Backup : Jake Allen               

Extra Forwards
Normal : Mason Raymond, Brendan Gallagher, Pavel Datsyuk - PP : Mason Raymond, Brendan Gallagher - PK : Lance Bouma
Extra Defensemen
Normal : Jared Cowen, Christopher Tanev, Niklas Hjalmarsson - PP : Jared Cowen - PK : Christopher Tanev, Niklas Hjalmarsson
Penalty Shots
Pavel Datsyuk, Mason Raymond, Michael Grabner, Cody Hodgson, Kyle Brodziak

Canadiens

5 vs 5 Forward 
   Center                   Left Wing                Right Wing               Time % Phy DF OF 
 1 Eric Staal               Jussi Jokinen            Mike Cammalleri          35     1   1  3  
 2 Mathieu Perreault        Marcus Johansson         Patric Hornqvist         30     1   2  2  
 3 Sam Gagner               Pascal Dupuis            Craig Smith              22     1   2  2  
 4 Eric Staal               Tomas Jurco              Scottie Upshall          13     1   2  2  

5 vs 5 Defense 
   Defense                  Defense                                           Time % Phy DF OF 
 1 Derek Morris             Jonathan Ericsson                                 40     1   2  2  
 2 Matt Niskanen            Jared Spurgeon                                    34     1   2  2  
 3 Ben Lovejoy              Mike Weaver                                       26     1   3  1  
 4 Derek Morris             Jonathan Ericsson                                 0      1   2  2  

PowerPlay Forward 
   Center                   Left Wing                Right Wing               Time % Phy DF OF 
 1 Eric Staal               Mike Cammalleri          Patric Hornqvist         60     1   2  2  
 2 Mathieu Perreault        Marcus Johansson         Jussi Jokinen            40     1   2  2  

PowerPlay Defense
   Defense                  Defense                                           Time % Phy DF OF 
 1 Derek Morris             Matt Niskanen                                     60     1   2  2  
 2 Jonathan Ericsson        Jared Spurgeon                                    40     1   2  2  

Penalty Kill 4 Players Forward 
   Center                   Wing                     Time % Phy DF OF 
 1 Mike Cammalleri          Pascal Dupuis            60     1   2  2  
 2 Eric Staal               Scottie Upshall          40     1   2  2  

Penalty Kill 4 Players Defense
   Defense                  Defense                  Time % Phy DF OF 
 1 Mike Weaver              Jonathan Ericsson        60     1   2  2  
 2 Matt Niskanen            Jared Spurgeon           40     1   2  2  

Penalty Kill - 3 Players Forward 
   Forward                                           Time % Phy DF OF 
 1 Eric Staal                                        60     1   3  1  
 2 Pascal Dupuis                                     40     1   3  1  

Penalty Kill - 3 Players Defense
   Defense                  Defense                  Time % Phy DF OF 
 1 Mike Weaver              Jonathan Ericsson        60     1   2  2  
 2 Matt Niskanen            Jared Spurgeon           40     1   2  2  

4 vs 4 Forward 
   Center                   Wing                     Time % Phy DF OF 
 1 Eric Staal               Mike Cammalleri          60     1   2  2  
 2 Mathieu Perreault        Jussi Jokinen            40     1   2  2  

4 vs 4 Defense
   Defense                  Defense                  Time % Phy DF OF 
 1 Derek Morris             Matt Niskanen            60     1   2  2  
 2 Jonathan Ericsson        Jared Spurgeon           40     1   2  2  

Last Minutes Offensive
   Center                   Left Wing                Right Wing               Defense                  Defense                  
   Eric Staal               Mike Cammalleri          Patric Hornqvist         Derek Morris             Matt Niskanen            

Last Minutes Defensive
   Center                   Left Wing                Right Wing               Defense                  Defense                  
   Eric Staal               Scottie Upshall          Pascal Dupuis            Mike Weaver              Jonathan Ericsson        

Goaltenders
Starting : Marc-Andre Fleury        
Backup : Pekka Rinne              

Extra Forwards
Normal : Sam Gagner, Scottie Upshall, Patric Hornqvist - PP : Sam Gagner, Scottie Upshall - PK : Patric Hornqvist
Extra Defensemen
Normal : Ben Lovejoy, Mike Weaver, Matt Niskanen - PP : Ben Lovejoy - PK : Mike Weaver, Matt Niskanen
Penalty Shots
Eric Staal, Mike Cammalleri, Pascal Dupuis, Jussi Jokinen, Marcus Johansson

% Time on Ice - Canucks

Lines # - Real PCT - Wanted PCT - Time Play
Normal Forward
1 - 22% - 35% - 10:44
2 - 34% - 30% - 16:34
3 - 27% - 22% - 13:04
4 - 16% - 13% - 7:44
Normal Defense
1 - 33% - 35% - 15:51
2 - 31% - 30% - 15:06
3 - 27% - 22% - 12:52
4 - 9% - 13% - 4:17
PP Forward
1 - 53% - 60% - 3:10
2 - 47% - 40% - 2:47
PP Defense
1 - 60% - 60% - 3:35
2 - 40% - 40% - 2:22
PK Forward
1 - 74% - 60% - 4:25
2 - 26% - 40% - 1:32
PK Defense
1 - 51% - 60% - 3:02
2 - 49% - 40% - 2:55
PK3 Forward
1 - 0% - 60%
2 - 0% - 40%
PK3 Defense
1 - 0% - 60%
2 - 0% - 40%
44 Forward
1 - 83% - 60% - 4:08
2 - 17% - 40% - 0:52
44 Defense
1 - 51% - 60% - 2:33
2 - 49% - 40% - 2:27
Last Minute Offensive  - 0:00
Last Minute Defensive  - 0:00
Total
Forward - 65:00
Defense - 65:00

% Time on Ice - Canadiens

Lines # - Real PCT - Wanted PCT - Time Play
Normal Forward
1 - 22% - 35% - 10:49
2 - 33% - 30% - 15:40
3 - 28% - 22% - 13:32
4 - 17% - 13% - 8:05
Normal Defense
1 - 48% - 40% - 22:52
2 - 33% - 34% - 15:42
3 - 20% - 26% - 9:32
4 - 0% - 0% - 0:00
PP Forward
1 - 54% - 60% - 3:11
2 - 46% - 40% - 2:46
PP Defense
1 - 50% - 60% - 2:57
2 - 50% - 40% - 3:00
PK Forward
1 - 87% - 60% - 5:09
2 - 13% - 40% - 0:48
PK Defense
1 - 45% - 60% - 2:40
2 - 55% - 40% - 3:17
PK3 Forward
1 - 0% - 60%
2 - 0% - 40%
PK3 Defense
1 - 0% - 60%
2 - 0% - 40%
44 Forward
1 - 100% - 60% - 5:00
2 - 0% - 40% - 0:00
44 Defense
1 - 49% - 60% - 2:27
2 - 51% - 40% - 2:33
Last Minute Offensive  - 0:00
Last Minute Defensive  - 0:00
Total
Forward - 65:00
Defense - 65:00

Play by Play

1st period


0:01 of 1st period - Eric Staal wins face-off versus Pavel Datsyuk in neutral zone.
0:04 of 1st period - Andrei Markov is hit by Mike Cammalleri and loses puck.
0:11 of 1st period - Snap shot by Eric Staal.
0:11 of 1st period - Shot Misses the Net.
0:13 of 1st period - Snap shot by Eric Staal.
0:13 of 1st period - Shot Misses the Net.
0:15 of 1st period - Backhand shot by Eric Staal.
0:15 of 1st period - Shot Blocked by Victor Hedman.
0:27 of 1st period - Snap shot by Mike Cammalleri.
0:27 of 1st period - Shot Hit the Post.
0:55 of 1st period - Andrei Markov is hit by Derek Morris and loses puck.
1:10 of 1st period - Snap shot by Mathieu Perreault.
1:10 of 1st period - Stopped by Ben Bishop without a rebound.
1:11 of 1st period - Sam Gagner wins face-off versus Boyd Gordon in Canucks zone.
1:12 of 1st period - Wrist shot by Craig Smith.
1:12 of 1st period - Stopped by Ben Bishop without a rebound.
1:13 of 1st period - Boyd Gordon wins face-off versus Sam Gagner in Canucks zone.
1:32 of 1st period - Wrist shot by Pascal Dupuis.
1:32 of 1st period - Stopped by Ben Bishop without a rebound.
1:33 of 1st period - Kyle Brodziak wins face-off versus Eric Staal in Canucks zone.
2:22 of 1st period - Minor Penalty to Mike Weaver for Roughing.
2:23 of 1st period - Cody Hodgson wins face-off versus Mike Cammalleri in Canadiens zone.
2:34 of 1st period - Pascal Dupuis is hit by Brendan Gallagher and loses puck.
3:17 of 1st period - Jonathan Ericsson is hit by Clarke MacArthur and loses puck.
3:18 of 1st period - Jonathan Ericsson from Canadiens is injured at 3:18 of 1st period (Lacerated Right Calf).
3:19 of 1st period - Mike Cammalleri wins face-off versus Pavel Datsyuk in Canadiens zone.
4:22 of 1st period - Penalty to Mike Weaver is over, Mike Weaver is back on ice.
4:29 of 1st period - Jared Spurgeon is hit by Cody Hodgson and loses puck.
4:48 of 1st period - Wrist shot by Brendan Gallagher.
4:48 of 1st period - Shot Blocked by Jared Spurgeon.
5:27 of 1st period - Slapshot by Marcus Johansson.
5:27 of 1st period - Shot Misses the Net.
5:33 of 1st period - Backhand shot by Patric Hornqvist.
5:33 of 1st period - Shot Misses the Net.
6:56 of 1st period - Slapshot by Derek Morris.
6:56 of 1st period - Shot Misses the Net.
6:58 of 1st period - Snap shot by Mike Cammalleri.
6:58 of 1st period - Shot Misses the Net.
7:00 of 1st period - Slapshot by Mike Weaver.
7:00 of 1st period - Shot Blocked by Michael Grabner.
7:02 of 1st period - Wrist shot by Jared Spurgeon.
7:02 of 1st period - Shot Misses the Net.
7:24 of 1st period - Wrist shot by Patric Hornqvist.
7:24 of 1st period - Shot Misses the Net.
7:26 of 1st period - Minor Penalty to Brendan Gallagher for Tripping.
7:27 of 1st period - Boyd Gordon wins face-off versus Eric Staal in Canucks zone.
7:51 of 1st period - Icing by Jared Spurgeon.
7:52 of 1st period - Eric Staal wins face-off versus Boyd Gordon in Canadiens zone.
8:43 of 1st period - Kyle Brodziak is hit by Eric Staal and loses puck.
8:48 of 1st period - Slapshot by Eric Staal.
8:48 of 1st period - Stopped by Ben Bishop without a rebound.
8:49 of 1st period - Eric Staal wins face-off versus Kyle Brodziak in Canucks zone.
9:25 of 1st period - Snap shot by Boyd Gordon.
9:25 of 1st period - Shot Blocked by Matt Niskanen.
9:26 of 1st period - Penalty to Brendan Gallagher is over, Brendan Gallagher is back on ice.
9:37 of 1st period - Michael Grabner is hit by Pascal Dupuis and loses puck.
9:49 of 1st period - Pascal Dupuis is hit by Michael Grabner and loses puck.
10:02 of 1st period - Craig Smith is hit by Cody Hodgson and loses puck.
10:27 of 1st period - Snap shot by Brendan Gallagher.
10:27 of 1st period - Shot Blocked by Mike Weaver.
10:29 of 1st period - Slapshot by Christopher Tanev.
10:29 of 1st period - Shot Misses the Net.
10:31 of 1st period - Snap shot by Pavel Datsyuk.
10:31 of 1st period - Stopped by Marc-Andre Fleury with a rebound.
10:33 of 1st period - Slapshot by Niklas Hjalmarsson.
10:33 of 1st period - Shot Blocked by Scottie Upshall.
10:35 of 1st period - Wrist shot by Brendan Gallagher.
10:35 of 1st period - Stopped by Marc-Andre Fleury with a rebound.
11:00 of 1st period - Mason Raymond is hit by Ben Lovejoy and loses puck.
11:11 of 1st period - Snap shot by Mason Raymond.
11:11 of 1st period - Stopped by Marc-Andre Fleury with a rebound.
11:13 of 1st period - Wrist shot by Mason Raymond.
11:13 of 1st period - Stopped by Marc-Andre Fleury without a rebound.
11:14 of 1st period - Cody Hodgson wins face-off versus Mathieu Perreault in Canadiens zone.
11:27 of 1st period - Snap shot by Cody Hodgson.
11:27 of 1st period - Stopped by Marc-Andre Fleury without a rebound.
11:28 of 1st period - Cody Hodgson wins face-off versus Marcus Johansson in Canadiens zone.
12:38 of 1st period - Slapshot by Christopher Tanev.
12:38 of 1st period - Stopped by Marc-Andre Fleury without a rebound.
12:39 of 1st period - Eric Staal wins face-off versus Boyd Gordon in Canadiens zone.
12:46 of 1st period - Victor Hedman is hit by Ben Lovejoy and loses puck.
13:16 of 1st period - Victor Hedman is hit by Ben Lovejoy and loses puck.
13:23 of 1st period - Marcus Johansson is hit by Niklas Hjalmarsson.
13:29 of 1st period - Marcus Johansson is hit by Ryane Clowe and loses puck.
13:40 of 1st period - Slapshot by Ryane Clowe.
13:40 of 1st period - Deflect By Cody Hodgson.
13:40 of 1st period - Shot Misses the Net.
13:40 of 1st period - Puck is out of play.
13:41 of 1st period - Sam Gagner wins face-off versus Pavel Datsyuk in Canadiens zone.
13:52 of 1st period - Wrist shot by Pavel Datsyuk.
13:52 of 1st period - Deflect By Brendan Gallagher.
13:52 of 1st period - Shot Misses the Net.
13:52 of 1st period - Puck is out of play.
13:53 of 1st period - Sam Gagner wins face-off versus Pavel Datsyuk in Canadiens zone.
14:08 of 1st period - Slapshot by Sam Gagner.
14:08 of 1st period - Stopped by Ben Bishop with a rebound.
14:24 of 1st period - Wrist shot by Craig Smith.
14:24 of 1st period - Shot Blocked by Pavel Datsyuk.
14:42 of 1st period - Wrist shot by Mike Cammalleri.
14:42 of 1st period - Stopped by Ben Bishop with a rebound.
14:44 of 1st period - Slapshot by Mike Weaver.
14:44 of 1st period - Shot Misses the Net.
14:54 of 1st period - Snap shot by Jussi Jokinen.
14:54 of 1st period - Stopped by Ben Bishop with a rebound.
14:56 of 1st period - Slapshot by Mike Weaver.
14:56 of 1st period - Stopped by Ben Bishop with a rebound.
14:58 of 1st period - Snap shot by Derek Morris.
14:58 of 1st period - Stopped by Ben Bishop with a rebound.
15:08 of 1st period - Derek Morris is hit by Cody Hodgson and loses puck.
15:18 of 1st period - Icing by Patric Hornqvist.
15:19 of 1st period - Boyd Gordon wins face-off versus Mathieu Perreault in Canadiens zone.
15:39 of 1st period - Mike Weaver is hit by Lance Bouma and loses puck.
17:12 of 1st period - Slapshot by Andrei Markov.
17:12 of 1st period - Shot Blocked by Matt Niskanen.
17:14 of 1st period - Slapshot by Victor Hedman.
17:14 of 1st period - Shot Blocked by Jared Spurgeon.
17:16 of 1st period - Snap shot by Michael Grabner.
17:16 of 1st period - Stopped by Marc-Andre Fleury without a rebound.
17:17 of 1st period - Eric Staal wins face-off versus Boyd Gordon in Canadiens zone.
17:30 of 1st period - Snap shot by Andrei Markov.
17:30 of 1st period - Shot Blocked by Eric Staal.
17:57 of 1st period - Snap shot by Andrei Markov.
17:57 of 1st period - Shot Blocked by Craig Smith.
18:03 of 1st period - Kyle Brodziak is hit by Mike Weaver and loses puck.
18:31 of 1st period - Snap shot by Patric Hornqvist.
18:31 of 1st period - Shot Misses the Net.
19:38 of 1st period - Icing by Cody Hodgson.
19:39 of 1st period - Cody Hodgson wins face-off versus Eric Staal in Canucks zone.
Goals for this period are 0 for Canucks vs 0 for Canadiens.
Shots for this period are 7 for Canucks vs 9 for Canadiens.

2nd period


0:01 of 2nd period - Pavel Datsyuk wins face-off versus Jussi Jokinen in neutral zone.
0:12 of 2nd period - Snap shot by Eric Staal.
0:12 of 2nd period - Stopped by Ben Bishop with a rebound.
0:14 of 2nd period - Slapshot by Ben Lovejoy.
0:14 of 2nd period - Stopped by Ben Bishop with a rebound.
0:16 of 2nd period - Slapshot by Mike Weaver.
0:16 of 2nd period - Shot Misses the Net.
0:18 of 2nd period - Wrist shot by Mike Cammalleri.
0:18 of 2nd period - Shot Blocked by Andrei Markov.
0:32 of 2nd period - Slapshot by Mike Cammalleri.
0:32 of 2nd period - Goal by Mike Cammalleri - Canucks : 0 - Canadiens : 1.
0:33 of 2nd period - Boyd Gordon wins face-off versus Mathieu Perreault in neutral zone.
0:39 of 2nd period - Minor Penalty to Niklas Hjalmarsson for Holding Stick.
0:40 of 2nd period - James Wright wins face-off versus Eric Staal in Canucks zone.
1:51 of 2nd period - Slapshot by Christopher Tanev.
1:51 of 2nd period - Deflect By Derek Morris.
1:51 of 2nd period - Stopped by Marc-Andre Fleury without a rebound.
1:52 of 2nd period - Boyd Gordon wins face-off versus Eric Staal in Canadiens zone.
2:07 of 2nd period - James Wright is hit by Ben Lovejoy and loses puck.
2:39 of 2nd period - Penalty to Niklas Hjalmarsson is over, Niklas Hjalmarsson is back on ice.
3:49 of 2nd period - Slapshot by Andrei Markov.
3:49 of 2nd period - Shot Misses the Net.
3:51 of 2nd period - Slapshot by Andrei Markov.
3:51 of 2nd period - Deflect By Cody Hodgson.
3:51 of 2nd period - Stopped by Marc-Andre Fleury with a rebound.
4:13 of 2nd period - Wrist shot by Eric Staal.
4:13 of 2nd period - Deflect By Tomas Jurco.
4:13 of 2nd period - Shot Misses the Net.
4:13 of 2nd period - Puck is out of play.
4:14 of 2nd period - Pavel Datsyuk wins face-off versus Eric Staal in Canucks zone.
4:36 of 2nd period - Icing by Brendan Gallagher.
4:37 of 2nd period - Pavel Datsyuk wins face-off versus Mathieu Perreault in Canucks zone.
4:37 of 2nd period - Pavel Datsyuk is hit by Ben Lovejoy.
4:46 of 2nd period - Icing by Mike Weaver.
4:47 of 2nd period - Boyd Gordon wins face-off versus Mathieu Perreault in Canadiens zone.
4:48 of 2nd period - Slapshot by Andrei Markov.
4:48 of 2nd period - Stopped by Marc-Andre Fleury without a rebound.
4:49 of 2nd period - Mathieu Perreault wins face-off versus Boyd Gordon in Canadiens zone.
5:00 of 2nd period - Wrist shot by Patric Hornqvist.
5:00 of 2nd period - Stopped by Ben Bishop without a rebound.
5:01 of 2nd period - Eric Staal wins face-off versus Boyd Gordon in Canucks zone.
5:10 of 2nd period - Snap shot by Jussi Jokinen.
5:10 of 2nd period - Stopped by Ben Bishop with a rebound.
5:12 of 2nd period - Slapshot by Eric Staal.
5:12 of 2nd period - Stopped by Ben Bishop without a rebound.
5:13 of 2nd period - Cody Hodgson wins face-off versus Eric Staal in Canucks zone.
5:15 of 2nd period - Minor Penalty to Ryane Clowe for High sticking.
5:16 of 2nd period - Eric Staal wins face-off versus Boyd Gordon in Canucks zone.
5:52 of 2nd period - Snap shot by Eric Staal.
5:52 of 2nd period - Deflect By Patric Hornqvist.
5:52 of 2nd period - Stopped by Ben Bishop without a rebound.
5:53 of 2nd period - Boyd Gordon wins face-off versus Mathieu Perreault in Canucks zone.
6:28 of 2nd period - Snap shot by Marcus Johansson.
6:28 of 2nd period - Shot Blocked by Jared Cowen.
6:30 of 2nd period - Backhand shot by Jared Spurgeon.
6:30 of 2nd period - Shot Blocked by Jared Cowen.
7:00 of 2nd period - Mike Cammalleri is hit by Victor Hedman.
7:06 of 2nd period - Wrist shot by Andrei Markov.
7:06 of 2nd period - Stopped by Marc-Andre Fleury with a rebound.
7:08 of 2nd period - Slapshot by Victor Hedman.
7:08 of 2nd period - Stopped by Marc-Andre Fleury without a rebound.
7:09 of 2nd period - Mathieu Perreault wins face-off versus Kyle Brodziak in Canadiens zone.
7:15 of 2nd period - Penalty to Ryane Clowe is over, Ryane Clowe is back on ice.
7:16 of 2nd period - Snap shot by Jussi Jokinen.
7:16 of 2nd period - Shot Blocked by Pavel Datsyuk.
7:18 of 2nd period - Snap shot by Derek Morris.
7:18 of 2nd period - Stopped by Ben Bishop with a rebound.
7:20 of 2nd period - Snap shot by Derek Morris.
7:20 of 2nd period - Stopped by Ben Bishop with a rebound.
7:22 of 2nd period - Slapshot by Derek Morris.
7:22 of 2nd period - Shot Blocked by Kyle Brodziak.
7:24 of 2nd period - Slapshot by Derek Morris.
7:24 of 2nd period - Shot Blocked by Pavel Datsyuk.
7:40 of 2nd period - Pascal Dupuis is hit by Ryane Clowe and loses puck.
7:49 of 2nd period - Andrei Markov is hit by Derek Morris.
8:53 of 2nd period - Slapshot by Mason Raymond.
8:53 of 2nd period - Stopped by Marc-Andre Fleury with a rebound.
9:15 of 2nd period - Wrist shot by Clarke MacArthur.
9:15 of 2nd period - Shot Misses the Net.
9:17 of 2nd period - Slapshot by Niklas Hjalmarsson.
9:17 of 2nd period - Stopped by Marc-Andre Fleury with a rebound.
9:19 of 2nd period - Slapshot by Christopher Tanev.
9:19 of 2nd period - Stopped by Marc-Andre Fleury with a rebound.
9:59 of 2nd period - Jussi Jokinen is hit by Lance Bouma and loses puck.
10:30 of 2nd period - Pavel Datsyuk is hit by Matt Niskanen and loses puck.
11:05 of 2nd period - Wrist shot by Eric Staal.
11:05 of 2nd period - Shot Blocked by James Wright.
11:23 of 2nd period - Wrist shot by Scottie Upshall.
11:23 of 2nd period - Stopped by Ben Bishop without a rebound.
11:24 of 2nd period - Sam Gagner wins face-off versus Cody Hodgson in Canucks zone.
11:25 of 2nd period - Snap shot by Scottie Upshall.
11:25 of 2nd period - Shot Blocked by Colby Robak.
11:37 of 2nd period - Wrist shot by Ryane Clowe.
11:37 of 2nd period - Goal by Ryane Clowe - Canucks : 1 - Canadiens : 1.
11:38 of 2nd period - Ryane Clowe wins face-off versus Mathieu Perreault in neutral zone.
11:55 of 2nd period - Wrist shot by Cody Hodgson.
11:55 of 2nd period - Shot Blocked by Mathieu Perreault.
12:53 of 2nd period - Snap shot by Pavel Datsyuk.
12:53 of 2nd period - Shot Misses the Net.
13:51 of 2nd period - Wrist shot by Sam Gagner.
13:51 of 2nd period - Stopped by Ben Bishop without a rebound.
13:52 of 2nd period - Eric Staal wins face-off versus Cody Hodgson in Canucks zone.
13:57 of 2nd period - Snap shot by Eric Staal.
13:57 of 2nd period - Deflect By Tomas Jurco.
13:57 of 2nd period - Shot Misses the Net.
13:57 of 2nd period - Puck is out of play.
13:58 of 2nd period - Eric Staal wins face-off versus Cody Hodgson in Canucks zone.
14:05 of 2nd period - Wrist shot by Eric Staal.
14:05 of 2nd period - Shot Misses the Net.
14:39 of 2nd period - Slapshot by Matt Niskanen.
14:39 of 2nd period - Deflect By Craig Smith.
14:39 of 2nd period - Shot Misses the Net.
14:39 of 2nd period - Puck is out of play.
14:40 of 2nd period - Sam Gagner wins face-off versus Boyd Gordon in Canucks zone.
16:05 of 2nd period - Ryane Clowe is hit by Mike Cammalleri and loses puck.
16:46 of 2nd period - Wrist shot by Sam Gagner.
16:46 of 2nd period - Shot Misses the Net.
16:57 of 2nd period - Derek Morris is hit by Kyle Brodziak and loses puck.
17:40 of 2nd period - Christopher Tanev is hit by Derek Morris and loses puck.
18:03 of 2nd period - Off-side.
18:04 of 2nd period - Eric Staal wins face-off versus Cody Hodgson in neutral zone.
18:46 of 2nd period - Jared Cowen is hit by Eric Staal and loses puck.
19:22 of 2nd period - Wrist shot by Cody Hodgson.
19:22 of 2nd period - Stopped by Marc-Andre Fleury without a rebound.
19:23 of 2nd period - Scottie Upshall wins face-off versus Cody Hodgson in Canadiens zone.
19:56 of 2nd period - Snap shot by Craig Smith.
19:56 of 2nd period - Stopped by Ben Bishop without a rebound.
19:57 of 2nd period - Sam Gagner wins face-off versus Boyd Gordon in Canucks zone.
Goals for this period are 1 for Canucks vs 1 for Canadiens.
Shots for this period are 10 for Canucks vs 12 for Canadiens.

3rd period


0:01 of 3rd period - Pavel Datsyuk wins face-off versus Eric Staal in neutral zone.
0:08 of 3rd period - Snap shot by Brendan Gallagher.
0:08 of 3rd period - Stopped by Marc-Andre Fleury with a rebound.
0:59 of 3rd period - Derek Morris is hit by Lance Bouma and loses puck.
1:08 of 3rd period - Wrist shot by Mason Raymond.
1:08 of 3rd period - Stopped by Marc-Andre Fleury without a rebound.
1:09 of 3rd period - Sam Gagner wins face-off versus Cody Hodgson in Canadiens zone.
1:09 of 3rd period - Sam Gagner is hit by Victor Hedman.
1:15 of 3rd period - Snap shot by Craig Smith.
1:15 of 3rd period - Shot Misses the Net.
1:29 of 3rd period - Snap shot by Craig Smith.
1:29 of 3rd period - Stopped by Ben Bishop without a rebound.
1:30 of 3rd period - Mathieu Perreault wins face-off versus Kyle Brodziak in Canucks zone.
2:24 of 3rd period - Off-side.
2:25 of 3rd period - Boyd Gordon wins face-off versus Eric Staal in neutral zone.
2:32 of 3rd period - Snap shot by Mason Raymond.
2:32 of 3rd period - Stopped by Marc-Andre Fleury with a rebound.
2:34 of 3rd period - Slapshot by Boyd Gordon.
2:34 of 3rd period - Shot Misses the Net.
2:36 of 3rd period - Backhand shot by Andrei Markov.
2:36 of 3rd period - Shot Blocked by Ben Lovejoy.
2:38 of 3rd period - Snap shot by Victor Hedman.
2:38 of 3rd period - Stopped by Marc-Andre Fleury without a rebound.
2:39 of 3rd period - Boyd Gordon wins face-off versus Pascal Dupuis in Canadiens zone.
3:33 of 3rd period - Victor Hedman is hit by Ben Lovejoy and loses puck.
4:24 of 3rd period - Snap shot by Mathieu Perreault.
4:24 of 3rd period - Deflect By Patric Hornqvist.
4:24 of 3rd period - Stopped by Ben Bishop with a rebound.
4:26 of 3rd period - Slapshot by Ben Lovejoy.
4:26 of 3rd period - Stopped by Ben Bishop without a rebound.
4:27 of 3rd period - Pavel Datsyuk wins face-off versus Eric Staal in Canucks zone.
4:42 of 3rd period - Backhand shot by Brendan Gallagher.
4:42 of 3rd period - Shot Blocked by Ben Lovejoy.
4:44 of 3rd period - Slapshot by Christopher Tanev.
4:44 of 3rd period - Stopped by Marc-Andre Fleury with a rebound.
4:46 of 3rd period - Snap shot by Pavel Datsyuk.
4:46 of 3rd period - Shot Blocked by Derek Morris.
4:48 of 3rd period - Slapshot by Niklas Hjalmarsson.
4:48 of 3rd period - Deflect By Clarke MacArthur.
4:48 of 3rd period - Stopped by Marc-Andre Fleury with a rebound.
4:50 of 3rd period - Slapshot by Christopher Tanev.
4:50 of 3rd period - Stopped by Marc-Andre Fleury without a rebound.
4:51 of 3rd period - Mathieu Perreault wins face-off versus Boyd Gordon in Canadiens zone.
4:53 of 3rd period - Minor Penalty to Matt Niskanen for Tripping.
4:54 of 3rd period - Pavel Datsyuk wins face-off versus Mike Cammalleri in Canadiens zone.
5:06 of 3rd period - Wrist shot by Clarke MacArthur.
5:06 of 3rd period - Deflect By Pavel Datsyuk.
5:06 of 3rd period - Shot Misses the Net.
5:06 of 3rd period - Puck is out of play.
5:07 of 3rd period - Pavel Datsyuk wins face-off versus Mike Cammalleri in Canadiens zone.
5:18 of 3rd period - Christopher Tanev is hit by Pascal Dupuis and loses puck.
6:37 of 3rd period - Icing by Michael Grabner.
6:38 of 3rd period - Pascal Dupuis wins face-off versus Pavel Datsyuk in Canucks zone.
6:39 of 3rd period - Snap shot by Mike Cammalleri.
6:39 of 3rd period - Stopped by Ben Bishop without a rebound.
6:40 of 3rd period - Mike Cammalleri wins face-off versus Cody Hodgson in Canucks zone.
6:41 of 3rd period - Slapshot by Jared Spurgeon.
6:41 of 3rd period - Deflect By Mike Cammalleri.
6:41 of 3rd period - Stopped by Ben Bishop with a rebound.
6:53 of 3rd period - Penalty to Matt Niskanen is over, Matt Niskanen is back on ice.
6:54 of 3rd period - Icing by Andrei Markov.
6:55 of 3rd period - Mathieu Perreault wins face-off versus Cody Hodgson in Canucks zone.
7:30 of 3rd period - Mike Weaver is hit by Lance Bouma and loses puck.
8:32 of 3rd period - Pavel Datsyuk is hit by Craig Smith and loses puck.
8:39 of 3rd period - Wrist shot by Craig Smith.
8:39 of 3rd period - Shot Misses the Net.
9:07 of 3rd period - Derek Morris is hit by Brendan Gallagher and loses puck.
9:22 of 3rd period - Derek Morris is hit by Ryane Clowe and loses puck.
9:35 of 3rd period - Snap shot by Patric Hornqvist.
9:35 of 3rd period - Shot Blocked by Christopher Tanev.
9:37 of 3rd period - Snap shot by Marcus Johansson.
9:37 of 3rd period - Shot Blocked by Niklas Hjalmarsson.
9:47 of 3rd period - Michael Grabner is hit by Scottie Upshall.
10:11 of 3rd period - Andrei Markov is hit by Craig Smith and loses puck.
10:36 of 3rd period - Slapshot by Andrei Markov.
10:36 of 3rd period - Shot Misses the Net.
10:58 of 3rd period - Slapshot by Mike Cammalleri.
10:58 of 3rd period - Stopped by Ben Bishop with a rebound.
11:54 of 3rd period - Wrist shot by Ryane Clowe.
11:54 of 3rd period - Stopped by Marc-Andre Fleury with a rebound.
12:00 of 3rd period - Minor Penalty to Mike Weaver for Cross-checking.
12:01 of 3rd period - Pavel Datsyuk wins face-off versus Mike Cammalleri in Canadiens zone.
12:06 of 3rd period - Snap shot by Pavel Datsyuk.
12:06 of 3rd period - Deflect By Clarke MacArthur.
12:06 of 3rd period - Shot Blocked by Matt Niskanen.
12:06 of 3rd period - Puck is out of play.
12:07 of 3rd period - Pavel Datsyuk wins face-off versus Mike Cammalleri in Canadiens zone.
12:10 of 3rd period - Snap shot by Clarke MacArthur.
12:10 of 3rd period - Stopped by Marc-Andre Fleury with a rebound.
13:34 of 3rd period - Andrei Markov is hit by Matt Niskanen and loses puck.
14:00 of 3rd period - Penalty to Mike Weaver is over, Mike Weaver is back on ice.
14:47 of 3rd period - Snap shot by Boyd Gordon.
14:47 of 3rd period - Shot Misses the Net.
14:51 of 3rd period - Snap shot by Mason Raymond.
14:51 of 3rd period - Stopped by Marc-Andre Fleury with a rebound.
15:42 of 3rd period - Kyle Brodziak is hit by Eric Staal.
15:54 of 3rd period - Snap shot by Eric Staal.
15:54 of 3rd period - Shot Misses the Net.
15:56 of 3rd period - Snap shot by Scottie Upshall.
15:56 of 3rd period - Stopped by Ben Bishop with a rebound.
15:58 of 3rd period - Slapshot by Jared Spurgeon.
15:58 of 3rd period - Stopped by Ben Bishop without a rebound.
15:59 of 3rd period - Sam Gagner wins face-off versus Boyd Gordon in Canucks zone.
16:00 of 3rd period - Snap shot by Craig Smith.
16:00 of 3rd period - Shot Misses the Net.
18:01 of 3rd period - Wrist shot by Matt Niskanen.
18:01 of 3rd period - Shot Misses the Net.
18:03 of 3rd period - Slapshot by Jared Spurgeon.
18:03 of 3rd period - Shot Misses the Net.
18:24 of 3rd period - Jared Spurgeon is hit by Clarke MacArthur and loses puck.
19:15 of 3rd period - Ben Lovejoy is hit by Jared Cowen and loses puck.
19:28 of 3rd period - Wrist shot by Mike Cammalleri.
19:28 of 3rd period - Stopped by Ben Bishop with a rebound.
19:30 of 3rd period - Slapshot by John-Michael Liles.
19:30 of 3rd period - Shot Misses the Net.
19:38 of 3rd period - Wrist shot by Jussi Jokinen.
19:38 of 3rd period - Stopped by Ben Bishop without a rebound.
19:39 of 3rd period - Kyle Brodziak wins face-off versus Eric Staal in Canucks zone.
19:44 of 3rd period - Wrist shot by Mike Cammalleri.
19:44 of 3rd period - Deflect By Christopher Tanev.
19:44 of 3rd period - Stopped by Ben Bishop with a rebound.
19:46 of 3rd period - Wrist shot by Jussi Jokinen.
19:46 of 3rd period - Stopped by Ben Bishop with a rebound.
19:48 of 3rd period - Wrist shot by Ben Lovejoy.
19:48 of 3rd period - Shot Blocked by Niklas Hjalmarsson.
19:50 of 3rd period - Backhand shot by Ben Lovejoy.
19:50 of 3rd period - Stopped by Ben Bishop without a rebound.
19:51 of 3rd period - Kyle Brodziak wins face-off versus Eric Staal in Canucks zone.
19:56 of 3rd period - Snap shot by Pavel Datsyuk.
19:56 of 3rd period - Shot Blocked by Jussi Jokinen.
Goals for this period are 0 for Canucks vs 0 for Canadiens.
Shots for this period are 10 for Canucks vs 13 for Canadiens.

Overtime #1


0:01 of 1st overtime period - Pavel Datsyuk wins face-off versus Eric Staal in neutral zone.
0:04 of 1st overtime period - Slapshot by Victor Hedman.
0:04 of 1st overtime period - Shot Blocked by Matt Niskanen.
0:36 of 1st overtime period - Wrist shot by Eric Staal.
0:36 of 1st overtime period - Shot Misses the Net.
0:38 of 1st overtime period - Slapshot by Derek Morris.
0:38 of 1st overtime period - Shot Blocked by Andrei Markov.
0:59 of 1st overtime period - Mike Cammalleri is hit by Clarke MacArthur and loses puck.
1:06 of 1st overtime period - Slapshot by Pavel Datsyuk.
1:06 of 1st overtime period - Shot Misses the Net.
1:26 of 1st overtime period - Wrist shot by Pavel Datsyuk.
1:26 of 1st overtime period - Shot Misses the Net.
1:34 of 1st overtime period - Snap shot by Mike Cammalleri.
1:34 of 1st overtime period - Shot Misses the Net.
1:55 of 1st overtime period - Ben Lovejoy is hit by Victor Hedman and loses puck.
2:51 of 1st overtime period - Slapshot by Patric Hornqvist.
2:51 of 1st overtime period - Stopped by Ben Bishop without a rebound.
2:52 of 1st overtime period - Pavel Datsyuk wins face-off versus Patric Hornqvist in Canucks zone.
3:27 of 1st overtime period - Wrist shot by Cody Hodgson.
3:27 of 1st overtime period - Shot Blocked by Derek Morris.
3:29 of 1st overtime period - Wrist shot by Andrei Markov.
3:29 of 1st overtime period - Deflect By Cody Hodgson.
3:29 of 1st overtime period - Shot Blocked by Derek Morris.
3:29 of 1st overtime period - Puck is out of play.
3:30 of 1st overtime period - Cody Hodgson wins face-off versus Eric Staal in Canadiens zone.
3:39 of 1st overtime period - Wrist shot by Cody Hodgson.
3:39 of 1st overtime period - Stopped by Marc-Andre Fleury with a rebound.
3:49 of 1st overtime period - Wrist shot by Ryane Clowe.
3:49 of 1st overtime period - Shot Misses the Net.
3:51 of 1st overtime period - Snap shot by Ryane Clowe.
3:51 of 1st overtime period - Shot Blocked by Matt Niskanen.
4:22 of 1st overtime period - Ben Lovejoy is hit by Victor Hedman and loses puck.
4:59 of 1st overtime period - Mason Raymond is hit by Eric Staal and loses puck.
Goals for this period are 0 for Canucks vs 0 for Canadiens.
Shots for this period are 1 for Canucks vs 1 for Canadiens.

ShootOut


5:00 of 1st overtime period - Penalty Shot by Pavel Datsyuk for Canucks.
5:00 of 1st overtime period - Snap shot by Pavel Datsyuk.
5:00 of 1st overtime period - Goal by Pavel Datsyuk.
5:00 of 1st overtime period - Penalty Shot by Eric Staal for Canadiens.
5:00 of 1st overtime period - Deke by Eric Staal.
5:00 of 1st overtime period - Stopped by Ben Bishop.
5:00 of 1st overtime period - Penalty Shot by Mason Raymond for Canucks.
5:00 of 1st overtime period - Backhand shot by Mason Raymond.
5:00 of 1st overtime period - Goal by Mason Raymond.
5:00 of 1st overtime period - Penalty Shot by Mike Cammalleri for Canadiens.
5:00 of 1st overtime period - Snap shot by Mike Cammalleri.
5:00 of 1st overtime period - Stopped by Ben Bishop.


Output by the SimonT Hockey Simulator (STHS) for Eric Dolegowski -- Original Page W3C XHTML 1.0 Valid
Hockey Simulator - Hockey Simulation - Hockey Manager